 Dungeon Crawl Stone Soup version 0.23.0-3-gf3c87f2 (webtiles) character file.

Game seed: 623898977260110644

800 Borgoz the Skirmisher (level 7, -3/59 HPs)
             Began as a Ghoul Gladiator on Feb 23, 2019.
             Was an Initiate of Dithmenos.
             Slain by an orc warrior
             ... wielding a +0 short sword
              (11 damage)
             ... on level 6 of the Dungeon.
             The game lasted 00:10:36 (3492 turns).

Borgoz the Skirmisher (Ghoul Gladiator)             Turns: 3492, Time: 00:10:37

Health: -3/59      AC:  4    Str: 18    XL:     7   Next: 90%
Magic:  15/15      EV: 13    Int:  5    God:    Dithmenos [......]
Gold:   153        SH:  0    Dex: 10    Spells: 6/6 levels left

rFire    . . .     SeeInvis .   h - +3 short sword
rCold    + . .     Gourm    .   (no shield)
rNeg     + + +     Faith    .   b - +0 leather armour
rPois    ∞         Spirit   .   c - +0 helmet
rElec    .         Reflect  .   (no cloak)
rCorr    .         Harm     .   (no gloves)
MR       .....                  (no boots)
Stlth    ++........             (no amulet)
HPRegen  0.00/turn              k - ring of magical power
MPRegen  0.14/turn              (no ring)

@: flying, rotting
A: rotting body, claws 1, carnivore, cold resistance 1, negative energy
resistance 3, inhibited regeneration, torment resistance, unbreathing
a: Renounce Religion


You were on level 6 of the Dungeon.
You worshipped Dithmenos.
Dithmenos was noncommittal.
You were not hungry.

You visited 2 branches of the dungeon, and saw 7 of its levels.

You collected 153 gold pieces.

Inventory:

Hand Weapons
 h - a +3 short sword (weapon)
 n - a +2 quarterstaff of chaos
Missiles
 a - 31 poisoned needles
 d - 2 throwing nets (quivered)
Armour
 b - a +0 leather armour (worn)
 c - a +0 helmet (worn)
Jewellery
 k - a ring of magical power (left claw)
Wands
 q - a wand of polymorph (11)
 t - a wand of flame (15)
Scrolls
 e - 2 scrolls of enchant armour
 g - 2 scrolls of remove curse
 m - a scroll of magic mapping {unknown}
 o - a scroll of random uselessness {unknown}
 r - a scroll of fog {unknown}
 s - a scroll of amnesia {unknown}
 u - a scroll of enchant weapon {unknown}
Potions
 j - a potion of brilliance
 l - a potion of degeneration
 v - a potion of magic
Comestibles
 f - 9 rations
 i - 9 chunks of flesh


   Skills:
 + Level 4.3 Fighting
 + Level 4.0 Short Blades
 + Level 3.5 Throwing
 + Level 2.8 Armour
 + Level 4.2 Dodging
 + Level 3.9 Stealth


You had 6 spell levels left.
You didn't know any spells.
Your spell library was empty.

Dungeon Overview and Level Annotations

Branches:
Dungeon (6/15)             Temple (1/1) D:4

Altars:
Ashenzari
Cheibriados
Dithmenos
Fedhas
Gozag
Hepliaklqana
Kikubaaqudgha
Makhleb
Nemelex Xobeh
Okawaru
Qazlal
Ru
Sif Muna
Trog
Uskayaw
Vehumet
Wu Jian
Xom
Yredelemnul
Zin
The Shining One


Innate Abilities, Weirdness & Mutations

Your body is rotting away.
You thrive on raw meat.
You are immune to poison.
You have sharp fingernails.
You are carnivorous and can eat meat at any time.
Your flesh is cold resistant. (rC+)
You are immune to negative energy. (rN+++)
You do not regenerate when monsters are visible.
You are immune to unholy pain and torment.
You can survive without breathing.


Message History

The orc wizard casts a spell.
The orc wizard flickers and vanishes!
Deactivating autopickup; reactivate with Ctrl-A.
The orc barely misses you.
You hit the orc warrior.
The orc warrior is moderately wounded.
The orc warrior hits you with a +0 short sword!
* * * LOW HITPOINT WARNING * * *
You hit the orc warrior but do no damage.
The orc warrior is moderately wounded.
The orc warrior hits you with a +0 short sword!
* * * LOW HITPOINT WARNING * * *
Okay, then.
You hit the orc warrior but do no damage.
The orc warrior is moderately wounded.
The orc warrior barely misses you.
You completely miss the orc warrior.
The orc warrior is moderately wounded.
The orc warrior hits you with a +0 short sword!
You die...

.. #. ###### #.#
##############...... #.#
#####.......@oo....#
#.###.........#######.[#
..........###.#
#..###### ..###.##..#
#.# #........
......##..# #)#
#.###.... ..........#
#.# #.# ### ..##..##..#
#.# #.# ..........# #.#
#.. #.##..##..# #.# ###


You could see an orc warrior and an orc.

Vanquished Creatures
  A centaur (D:4)
  An ogre (D:4)
  A scorpion (D:4)
  2 orc wizards
  3 hounds
  3 orc priests (D:5)
  Crazy Yiuf (D:2)
  A bullfrog skeleton (D:4)
  3 worker ants
  3 gnolls (D:4)
  9 adders
  A howler monkey skeleton (D:5)
  2 worms
  4 dart slugs
  5 leopard geckos
  13 orcs
  12 bats
  3 giant cockroaches
  4 goblins
  4 hobgoblins
  3 jackals (D:1)
  3 quokkas
  A ball python (D:1)
  5 frilled lizards
  3 kobolds (D:1)
  A leopard gecko skeleton (D:4)
  6 rats (D:1)
98 creatures vanquished.

Notes
Turn   | Place    | Note
-------+----------+-------------------------------------------
     0 | D:1      | Borgoz the Ghoul Gladiator began the quest for the Orb.
     0 | D:1      | Reached XP level 1. HP: 17/17 MP: 0/0
    90 | D:1      | Reached XP level 2. HP: 19/25 MP: 1/1
   431 | D:1      | Reached skill level 1 in Stealth
   443 | D:1      | Reached XP level 3. HP: 28/30 MP: 2/2
   823 | D:2      | Reached XP level 4. HP: 29/36 MP: 3/3
  1005 | D:2      | Reached skill level 1 in Armour
  1184 | D:2      | You fall through a shaft for 2 floors!
  1185 | D:4      | Noticed a centaur
  1195 | D:4      | Killed a centaur
  1195 | D:4      | Reached XP level 5. HP: 15/45 MP: 4/4
  1491 | D:4      | Reached XP level 6. HP: 36/51 MP: 5/5
  2224 | D:2      | Found a runed translucent door.
  2225 | D:2      | Noticed Crazy Yiuf
  2274 | D:2      | Killed Crazy Yiuf
  2423 | D:4      | Found a staircase to the Ecumenical Temple.
  2446 | Temple   | Entered the Ecumenical Temple
  2585 | Temple   | Became a worshipper of Dithmenos the Shadowed
  2875 | D:4      | Reached XP level 7. HP: 58/58 MP: 6/6
  2963 | D:4      | Found a snail-covered altar of Cheibriados.
  3037 | D:5      | Entered Level 5 of the Dungeon
  3206 | D:5      | Found a sparkling altar of Nemelex Xobeh.
  3492 | D:6      | Slain by an orc warrior

Skill      XL: |  1  2  3  4  5  6  7 |
---------------+----------------------+-----
Throwing       | 2 3 |  3.5
Stealth        | 1 2 3 |  3.9
Dodging        | 3 4 |  4.2
Short Blades   | 3 4 |  4.0
Armour         | 1 2 |  2.8
Fighting       | 3 4 |  4.3

Action                   |  1- 3 |  4- 6 |  7- 9 || total
-------------------------+-------+-------+-------++-------
Melee: Rapier            |    16 |       |       ||    16
       Short sword       |    95 |   186 |   135 ||   416
Throw: Throwing net      |       |       |     2 ||     2
Evoke: Wand              |       |     5 |       ||     5
  Use: Potion            |       |     7 |     3 ||    10
       Scroll            |       |     3 |     4 ||     7
 Stab: Sleeping          |     1 |     2 |     1 ||     4
       Held in net/web   |       |       |     1 ||     1
  Eat: Chunk             |     7 |    19 |    19 ||    45
Armor: Leather armour    |    36 |    63 |    20 ||   119
Dodge: Dodged            |    84 |   122 |    80 ||   286
